 Dungeon Crawl Stone Soup version 0.27-a0-1046-g98bf31544f (webtiles) character file.

Game seed: 9495830260974164168

3 robertstho the Magician (level 1, -3/15 HPs)
             Began as a Djinni Fire Elementalist on Apr 19, 2021.
             Killed from afar by Natasha (6 damage)
             ... with a magic dart
             ... on level 2 of the Dungeon.
             The game lasted 00:00:49 (140 turns).

robertstho the Magician (Djinni Fire Elementalist)   Turns: 140, Time: 00:00:49

Health: -3/15      AC:  2    Str:  7    XL:     1   Next: 50%
Gold:   0          EV: 12    Int: 16    God:
                   SH:  0    Dex: 13

rFire    + + .     SeeInvis .   b - +0 spear
rCold    x . .     Faith    .   (no shield)
rNeg     . . .     Spirit   .   a - +0 robe
rPois    ∞         Reflect  .   (no helmet)
rElec    .         Harm     .   (no cloak)
rCorr    .         Rampage  .   (no gloves)
Will     .....                  (boots unavailable)
Stlth    ++........             (no amulet)
HPRegen  0.05/turn              (no ring)
MPRegen  0.00/turn              (no ring)

@: flying
A: fire resistance 2, cold vulnerability 1, float, innate caster, hp casting,
extra vitality 1
a: no special abilities


You were on level 2 of the Dungeon.
You visited 1 branch of the dungeon, and saw 2 of its levels.

Inventory:

Hand Weapons
 b - a +0 spear (weapon)
Armour
 a - a +0 robe (worn)


   Skills:
 + Level 2.2 Dodging
 + Level 1.6 Stealth
 + Level 2.8 Spellcasting


You couldn't memorise any spells.
You knew the following spells:

 Your Spells              Type           Power      Damage    Failure   Level
a - Foxfire               Conj/Fire      44%        2x1d6     6%          1
b - Conjure Flame         Conj/Fire      11%        6-21      19%         3
c - Inner Flame           Hex/Fire       11%        N/A       19%         3
d - Sticky Flame          Conj/Fire      11%        2d3       52%         4
e - Fireball              Conj/Fire      5%         3d5       86%         5
Your spell library was empty.

Dungeon Overview and Level Annotations

Branches:
Dungeon (2/15)

Altars:

Annotations:
D:2 Natasha, Sigmund


Innate Abilities, Weirdness & Mutations

You are immune to poison.
Your flesh is very heat resistant. (rF++)
You are vulnerable to cold. (rC-)
You float through the air rather than walking.
You learn spells naturally, not from books.
Your magical power is your life essence.
You have superior vitality. (+4 HP)


Message History

The jackal bites you.
Unknown command.
Unknown command.
The jackal barely misses you.
There is an escape hatch in the floor here.
The jackal barely misses you. x2
You fly downwards.
The hatch slams shut behind you. 2 jackals come into view.
The jackal misses you.
The jackal barks!
You hear a bark!
The jackal bites you but does no damage.
The jackal closely misses you.
You aren't carrying any scrolls.
The jackal bites you. The jackal misses you. The jackal bites you.
The jackal closely misses you.
The jackal bites you but does no damage.
Sigmund the Dreaded comes into view.
He is wielding a +3 scythe of protection.
The jackal bites you but does no damage.
The jackal barely misses you.
The jackal stops to sniff the ground.
The jackal bites you but does no damage.
The jackal barely misses you.
A jackal comes into view.
Found a small onyx ring.
The jackal bites you. The jackal completely misses you.
The jackal barks!
You hear a bark!
An endoplasm and Natasha come into view.
Natasha is carrying a wand of flame (12).
A jackal comes into view.
The jackal moves out of view.
Found a stone staircase leading down.
The jackal bites you.
* * * LOW HITPOINT WARNING * * *
Natasha zaps a wand.
The puff of flame hits you. You resist.
* * * LOW HITPOINT WARNING * * *
Natasha casts a spell at you. The magic dart hits you.
You die...

.## #....# ###.. #....#
#.###...####....###
#.................#
..###..###...###h# .# ##.#
#...# #.####### ...##
#.h###...###h......#
##...##..........h.>.....#
................@.h......#
##.##....................#
###..###...###...J...#
#..# #...# #.#######
#..###...###.#
##...........#
####.........
.#########.#####..#
........h.........


You could see Natasha, an endoplasm (asleep) and 2 jackals.

Vanquished Creatures
  2 jackals (D:1)
  A kobold (D:1)
3 creatures vanquished.

Vanquished Creatures (others)
  9 foxfires (D:1)
9 creatures vanquished.

Grand Total: 12 creatures vanquished

Notes
Turn   | Place    | Note
-------+----------+-------------------------------------------
     0 | D:1      | robertstho the Djinni Fire Elementalist began the quest for
                  | the Orb.
     0 | D:1      | Reached XP level 1. HP: 15/15 MP: 0/0
   121 | D:2      | Noticed Sigmund
   135 | D:2      | Noticed Natasha
   140 | D:2      | Killed from afar by Natasha

Illustrated notes

Levels and vault maps discovered:
D:1:      dpeg_arrival_snail, layout_basic, hellmonk_ecumenical_altar_zigzags,
          serial_shops, shop, nicolae_shop_crystal
D:2:      layout_rooms, minmay_misc_feat_cross, uniq_natasha, uniq_sigmund

Action                   || total
-------------------------++-------
Melee: Spear             ||     1
 Cast: Foxfire           ||     5
Armor: Robe              ||    10
Dodge: Dodged            ||    22

Table legend: (Time is in decaauts)
 A = Elapsed time spent in this place.
 B = Non-inter-level travel time spent in this place.
 C = Inter-level travel time spent in this place.
 D = Time resting spent in this place.
 E = Time spent auto-exploring this place.
 F = Levels seen in this place.
 G = Mean time per level.
                   A        B        C        D        E       F      G
               +--------+--------+--------+--------+--------+-----+--------+
         Total |    139 |    139 |      0 |      0 |     73 |   2 |   69.5 |
       Dungeon |    139 |    139 |      0 |      0 |     73 |   2 |   69.5 |
               +--------+--------+--------+--------+--------+-----+--------+

Top non-repeatable levels by time:
     D:1: 103 daAuts
     D:2: 35 daAuts
